2452 views
Uploaded 2022-03-23 23:24:21
Game version 1.32.10
34:51 long 1on1on1on1 ladder game on (8)TwilightRuins_LV
Saved by ǢƂŎ
2452 views
Uploaded 2022-03-23 23:24:21
Game version 1.32.10
34:51 long 1on1on1on1 ladder game on (8)TwilightRuins_LV

17 units @ 1.4k
/ 0.1k
16 buildings @ 2.7k
/ 0.7k


| Potion of Healing | 3 | 450 |
| Potion of Mana | 1 | 200 |
| Staff of Preservation | 1 | 150 |
| Moonstone | 1 | 50 |
| total: | 6 | 850g |
| Wisp | 12 | 720 | / | 0 |
| Archer | 5 | 650 | / | 50 |
| total: | 17 | 1370g | / | 50w |
| Moon Well | 10 | 1800 | / | 400 |
| Ancient of War | 4 | 600 | / | 240 |
| Altar of Elders | 1 | 180 | / | 50 |
| Ancient of Wonders | 1 | 90 | / | 30 |
| Tree of Ages | 1 | 320 | / | 180 |
| total: | 16 | 2670g | / | 720w |
| 0:01 | Wisp |
| 0:05 | Moon Well |
| 0:12 | Wisp |
| 0:23 | Ancient of War |
| 0:24 | Ancient of War |
| 0:26 | Wisp |
| 0:40 | Wisp |
| 0:46 | Altar of Elders |
| 0:56 | Wisp |
| 1:10 | Wisp |
| 1:20 | Wisp |
| 1:25 | Archer |
| 1:34 | Wisp |
| 1:45 | Wisp |
| 1:48 | Moon Well |
| 2:02 | Wisp |
| 2:24 | Drunken Haze |
| 2:46 | Moon Well |
| 2:46 | Wisp |
| 3:09 | Tree of Ages |
| 3:40 | Ancient of Wonders |
| 3:42 | Breath of Fire |
| 4:13 | Moon Well |
| 5:19 | Archer |
| 5:23 | Ancient of War |
| 5:41 | Archer |
| 5:51 | Pocket Factory |
| 6:03 | Ancient of War |
| 6:09 | Moon Well |
| 6:11 | Moon Well |
| 6:12 | Wisp |
| 6:22 | Potion of Healing |
| 6:22 | Potion of Mana |
| 6:36 | Moon Well |
| 6:46 | Moon Well |
| 6:49 | Potion of Healing |
| 7:00 | Archer |
| 7:14 | Moon Well |
| 7:20 | Staff of Preservation |
| 7:23 | Moonstone |
| 8:00 | Archer |
| 8:06 | Potion of Healing |
| 8:17 | Moon Well |
| Right click | 689 |
| Select group | 425 |
| Select | 227 |
| Assign group | 137 |
| Misc. action | 90 |
| Chat | 76 |
| Build/train/purchase | 46 |
| Use ability | 37 |
| Item give/drop | 1 |
| Remove unit | 1 |
31 units @ 5.6k
/ 1.1k
30 buildings @ 4.9k
/ 1.9k



| Orb of Corruption | 2 | 750 |
| Potion of Healing | 2 | 300 |
| Scroll of Town Portal | 5 | 1750 |
| Potion of Lesser Invulnerability | 3 | 450 |
| Khadgar's Pipe of Insight | 1 | 500 |
| Helm of Valor | 1 | 500 |
| Cloak of Flames | 1 | 500 |
| total: | 15 | 4750g |
| Acolyte | 13 | 975 | / | 0 |
| Ghoul | 4 | 480 | / | 0 |
| Crypt Fiend | 4 | 860 | / | 160 |
| Obsidian Statue | 2 | 400 | / | 70 |
| Frost Wyrm | 7 | 2695 | / | 840 |
| Banshee | 1 | 155 | / | 30 |
| total: | 31 | 5565g | / | 1100w |
| Spirit Tower | 6 | 870 | / | 240 |
| Altar of Darkness | 2 | 360 | / | 100 |
| Ziggurat | 13 | 1950 | / | 650 |
| Crypt | 2 | 400 | / | 100 |
| Graveyard | 2 | 430 | / | 0 |
| Tomb of Relics | 2 | 260 | / | 60 |
| Necropolis | 3 | 675 | / | 0 |
| Slaughterhouse | 2 | 280 | / | 270 |
| Temple of the Damned | 1 | 155 | / | 140 |
| Sacrificial Pit | 1 | 75 | / | 150 |
| Boneyard | 2 | 350 | / | 400 |
| Halls of the Dead | 2 | 640 | / | 420 |
| Black Citadel | 2 | 650 | / | 460 |
| total: | 30 | 4935g | / | 1870w |
| 0:02 | Acolyte |
| 0:02 | Acolyte |
| 0:06 | Altar of Darkness |
| 0:09 | Ziggurat |
| 0:32 | Crypt |
| 1:16 | Graveyard |
| 1:36 | Ghoul |
| 1:36 | Ghoul |
| 1:36 | Ghoul |
| 1:50 | Ghoul |
| 2:13 | Death Coil |
| 2:58 | Halls of the Dead |
| 3:28 | Ziggurat |
| 3:48 | Ziggurat |
| 4:05 | Unholy Aura |
| 4:20 | Crypt Fiend |
| 4:20 | Crypt Fiend |
| 5:07 | Crypt Fiend |
| 5:30 | Acolyte |
| 5:30 | Acolyte |
| 5:30 | Acolyte |
| 5:49 | Crypt Fiend |
| 6:18 | Black Citadel |
| 6:37 | Death Coil |
| 7:05 | Impale |
| 7:57 | Tomb of Relics |
| 8:08 | Ziggurat |
| 8:30 | Slaughterhouse |
| 8:35 | Necropolis |
| 8:42 | Ghoul Frenzy |
| 9:06 | Spiked Carapace |
| 9:18 | Creature Attack |
| 9:25 | Boneyard |
| 10:12 | Obsidian Statue |
| 10:15 | Web |
| 10:17 | Creature Carapace |
| 10:31 | Acolyte |
| 10:32 | Acolyte |
| 10:43 | Freezing Breath |
| 10:53 | Silence |
| 11:31 | Unholy Aura |
| 11:46 | Ziggurat |
| 11:50 | Ziggurat |
| 12:16 | Impale |
| 13:02 | Life Drain |
| 13:08 | Boneyard |
| 13:11 | Improved Creature Attack |
| 13:12 | Improved Creature Carapace |
| 14:08 | Silence |
| 14:26 | Frost Wyrm |
| 15:31 | Advanced Creature Attack |
| 15:39 | Spiked Carapace |
| 15:47 | Frost Wyrm |
| 16:12 | Death Coil |
| 16:29 | Advanced Creature Carapace |
| 17:17 | Life Drain |
| 17:42 | Potion of Lesser Invulnerability |
| 17:48 | Burrow |
| 18:50 | Potion of Lesser Invulnerability |
| 19:10 | Unholy Strength |
| 19:10 | Unholy Armor |
| 19:15 | Temple of the Damned |
| 20:09 | Frost Wyrm |
| 20:13 | Scroll of Town Portal |
| 20:18 | Orb of Corruption |
| 20:27 | Spirit Tower |
| 20:32 | Banshee Adept Training |
| 21:06 | Disease Cloud |
| 21:26 | Impale |
| 21:39 | Banshee Master Training |
| 21:40 | Banshee |
| 21:42 | Improved Unholy Strength |
| 21:46 | Necropolis |
| 22:25 | Potion of Lesser Invulnerability |
| 22:31 | Frost Wyrm |
| 22:33 | Obsidian Statue |
| 23:01 | Silence |
| 23:23 | Ziggurat |
| 23:24 | Halls of the Dead |
| 23:27 | Ziggurat |
| 23:29 | Ziggurat |
| 23:31 | Ziggurat |
| 23:34 | Crypt |
| 24:19 | Slaughterhouse |
| 24:21 | Spirit Tower |
| 24:22 | Spirit Tower |
| 24:25 | Ziggurat |
| 24:45 | Frost Wyrm |
| 25:19 | Necromancer Adept Training |
| 25:22 | Improved Unholy Armor |
| 25:28 | Spirit Tower |
| 25:41 | Khadgar's Pipe of Insight |
| 25:45 | Helm of Valor |
| 26:00 | Black Citadel |
| 26:42 | Scroll of Town Portal |
| 26:48 | Orb of Corruption |
| 27:34 | Animate Dead |
| 27:43 | Necropolis |
| 27:47 | Scroll of Town Portal |
| 27:48 | Potion of Healing |
| 27:50 | Potion of Healing |
| 28:00 | Acolyte |
| 28:16 | Cloak of Flames |
| 28:34 | Graveyard |
| 28:44 | Ziggurat |
| 29:05 | Frost Wyrm |
| 30:00 | Scroll of Town Portal |
| 30:12 | Acolyte |
| 30:24 | Spirit Tower |
| 30:49 | Scroll of Town Portal |
| 30:58 | Frost Wyrm |
| 31:07 | Acolyte |
| 31:07 | Acolyte |
| 31:08 | Acolyte |
| 31:11 | Altar of Darkness |
| 31:43 | Sacrificial Pit |
| 32:07 | Tomb of Relics |
| 32:53 | Ziggurat |
| 33:50 | Spirit Tower |
| 33:56 | Acolyte |
| Right click | 726 |
| Select | 513 |
| Select group | 307 |
| Misc. action | 137 |
| Build/train/purchase | 112 |
| Use ability | 93 |
| Assign group | 31 |
| Item give/drop | 17 |
53 units @ 7.6k
/ 1.1k
49 buildings @ 8.3k
/ 4.2k



| Lesser Clarity Potion | 4 | 280 |
| Healing Salve | 4 | 400 |
| Scroll of Speed | 1 | 50 |
| Potion of Mana | 2 | 400 |
| Orb of Lightning | 2 | 750 |
| Scroll of Town Portal | 4 | 1400 |
| Potion of Lesser Invulnerability | 1 | 150 |
| Helm of Valor | 2 | 1000 |
| Claws of Attack +9 | 1 | 300 |
| Potion of Invulnerability | 1 | 400 |
| Potion of Greater Healing | 1 | 400 |
| Ring of Protection +4 | 1 | 300 |
| Scroll of Restoration | 1 | 550 |
| total: | 25 | 6380g |
| Peon | 19 | 1425 | / | 0 |
| Troll Headhunter | 6 | 840 | / | 120 |
| Shaman | 4 | 520 | / | 80 |
| Troll Berserker | 10 | 1400 | / | 200 |
| Kodo Beast | 2 | 510 | / | 120 |
| Troll Witch Doctor | 4 | 580 | / | 100 |
| Wind Rider | 5 | 1325 | / | 200 |
| Goblin Shredder | 2 | 750 | / | 200 |
| Goblin Zeppelin | 1 | 240 | / | 60 |
| total: | 53 | 7590g | / | 1080w |
| Watch Tower | 17 | 1870 | / | 1360 |
| Orc Burrow | 11 | 1760 | / | 440 |
| Altar of Storms | 1 | 180 | / | 50 |
| War Mill | 1 | 205 | / | 0 |
| Barracks | 3 | 540 | / | 150 |
| Voodoo Lounge | 3 | 390 | / | 90 |
| Great Hall | 6 | 2310 | / | 1110 |
| Spirit Lodge | 2 | 300 | / | 300 |
| Beastiary | 5 | 725 | / | 700 |
| Stronghold | 3 | 945 | / | 570 |
| Fortress | 1 | 325 | / | 190 |
| total: | 49 | 8280g | / | 4200w |
| 0:02 | Peon |
| 0:02 | Peon |
| 0:02 | Peon |
| 0:06 | Orc Burrow |
| 0:30 | Altar of Storms |
| 0:35 | Peon |
| 0:50 | War Mill |
| 0:55 | Peon |
| 1:03 | Barracks |
| 1:07 | Peon |
| 1:16 | Peon |
| 1:37 | Peon |
| 1:52 | Orc Burrow |
| 1:54 | Peon |
| 2:07 | Troll Headhunter |
| 2:20 | Troll Headhunter |
| 2:29 | Mirror Image |
| 2:44 | Voodoo Lounge |
| 2:53 | Troll Headhunter |
| 3:12 | Stronghold |
| 3:46 | Troll Headhunter |
| 4:24 | Great Hall |
| 4:45 | Critical Strike |
| 4:50 | Troll Headhunter |
| 4:51 | Orc Burrow |
| 5:18 | Lesser Clarity Potion |
| 5:18 | Healing Salve |
| 5:24 | Troll Headhunter |
| 5:49 | Goblin Shredder |
| 6:05 | Fortress |
| 6:08 | Mirror Image |
| 6:28 | Spirit Lodge |
| 6:49 | Hex |
| 6:51 | Healing Salve |
| 6:51 | Scroll of Speed |
| 6:51 | Lesser Clarity Potion |
| 6:57 | Troll Regeneration |
| 7:09 | Peon |
| 7:31 | Spirit Lodge |
| 7:42 | Steel Ranged Weapons |
| 7:42 | Steel Armor |
| 7:52 | Great Hall |
| 8:29 | Goblin Shredder |
| 8:37 | Berserker Upgrade |
| 8:39 | Healing Wave |
| 8:56 | Critical Strike |
| 9:02 | Shaman Adept Training |
| 9:02 | Shaman |
| 9:20 | Orc Burrow |
| 9:23 | Orc Burrow |
| 9:40 | Troll Berserker |
| 9:41 | Shaman |
| 9:42 | War Stomp |
| 10:13 | Thorium Ranged Weapons |
| 10:13 | Thorium Armor |
| 10:29 | Beastiary |
| 11:44 | Troll Berserker |
| 11:46 | Shaman Master Training |
| 11:46 | Witch Doctor Adept Training |
| 11:48 | Arcanite Ranged Weapons |
| 11:48 | Reinforced Defenses |
| 11:50 | Kodo Beast |
| 11:50 | War Drums Damage Increase |
| 11:51 | Beastiary |
| 12:38 | Troll Berserker |
| 12:40 | Shaman |
| 12:40 | Troll Witch Doctor |
| 12:42 | Beastiary |
| 12:45 | Orc Burrow |
| 13:02 | Healing Wave |
| 13:12 | Witch Doctor Master Training |
| 13:13 | Troll Witch Doctor |
| 13:13 | Shaman |
| 13:30 | Troll Berserker |
| 13:31 | Troll Berserker |
| 13:32 | Envenomed Spears |
| 13:32 | Wind Rider |
| 13:47 | Troll Witch Doctor |
| 15:15 | Troll Witch Doctor |
| 15:17 | Arcanite Armor |
| 15:25 | Orc Burrow |
| 15:26 | Orc Burrow |
| 15:27 | Orc Burrow |
| 15:27 | Orc Burrow |
| 16:07 | Troll Berserker |
| 16:38 | Peon |
| 16:47 | Helm of Valor |
| 16:48 | Claws of Attack +9 |
| 16:58 | Endurance Aura |
| 17:19 | Spiked Barricades |
| 17:21 | Critical Strike |
| 17:51 | Hex |
| 18:34 | Goblin Zeppelin |
| 18:43 | War Stomp |
| 18:48 | Watch Tower |
| 18:48 | Watch Tower |
| 18:49 | Watch Tower |
| 18:49 | Watch Tower |
| 18:49 | Watch Tower |
| 18:51 | Watch Tower |
| 19:13 | Voodoo Lounge |
| 19:15 | Improved Spiked Barricades |
| 19:16 | Liquid Fire |
| 19:25 | Orc Burrow |
| 20:20 | Potion of Invulnerability |
| 20:28 | Troll Berserker |
| 20:34 | Barracks |
| 20:35 | Barracks |
| 20:36 | Beastiary |
| 20:38 | Beastiary |
| 21:06 | Potion of Mana |
| 21:07 | Scroll of Town Portal |
| 21:08 | Orb of Lightning |
| 21:10 | Healing Salve |
| 21:14 | Lesser Clarity Potion |
| 21:19 | Watch Tower |
| 21:20 | Watch Tower |
| 21:20 | Watch Tower |
| 21:22 | Watch Tower |
| 21:22 | Watch Tower |
| 21:22 | Watch Tower |
| 21:27 | Great Hall |
| 21:44 | Scroll of Town Portal |
| 22:22 | Wind Rider |
| 22:48 | Healing Wave |
| 23:10 | Lesser Clarity Potion |
| 23:11 | Potion of Mana |
| 23:14 | Healing Salve |
| 23:23 | Orb of Lightning |
| 24:09 | Troll Berserker |
| 24:20 | Troll Berserker |
| 25:01 | Scroll of Town Portal |
| 25:09 | Potion of Lesser Invulnerability |
| 25:28 | Peon |
| 25:28 | Peon |
| 25:28 | Peon |
| 25:58 | Great Hall |
| 26:12 | Endurance Aura |
| 26:34 | Scroll of Town Portal |
| 26:46 | Great Hall |
| 28:26 | Peon |
| 28:26 | Peon |
| 28:57 | Stronghold |
| 29:02 | Voodoo Lounge |
| 29:04 | Peon |
| 29:04 | Peon |
| 29:04 | Peon |
| 30:13 | Troll Berserker |
| 30:14 | Wind Rider |
| 30:15 | Wind Rider |
| 30:50 | Wind Rider |
| 30:52 | Kodo Beast |
| 30:55 | Bladestorm |
| 30:57 | War Stomp |
| 31:12 | Watch Tower |
| 31:13 | Watch Tower |
| 31:13 | Watch Tower |
| 31:14 | Watch Tower |
| 31:14 | Watch Tower |
| 32:49 | Great Hall |
| 33:56 | Helm of Valor |
| 33:59 | Potion of Greater Healing |
| 33:59 | Ring of Protection +4 |
| 34:01 | Scroll of Restoration |
| Right click | 2020 |
| Select group | 1487 |
| Select | 1060 |
| Chat | 933 |
| Misc. action | 389 |
| Build/train/purchase | 185 |
| Use ability | 98 |
| Assign group | 84 |
| Item give/drop | 17 |
| Esc | 3 |
| Minimap ping | 1 |
25 units @ 2.5k
/ 0.2k
23 buildings @ 3.5k
/ 1.5k


| Healing Salve | 3 | 300 |
| Lesser Clarity Potion | 2 | 140 |
| Boots of Speed | 1 | 250 |
| total: | 6 | 690g |
| Peon | 15 | 1125 | / | 0 |
| Troll Headhunter | 10 | 1400 | / | 200 |
| total: | 25 | 2525g | / | 200w |
| Watch Tower | 8 | 880 | / | 640 |
| Orc Burrow | 4 | 640 | / | 160 |
| War Mill | 2 | 410 | / | 0 |
| Barracks | 1 | 180 | / | 50 |
| Altar of Storms | 2 | 360 | / | 100 |
| Voodoo Lounge | 3 | 390 | / | 90 |
| Great Hall | 1 | 385 | / | 185 |
| Spirit Lodge | 2 | 300 | / | 300 |
| Stronghold | 3 | 945 | / | 570 |
| Fortress | 2 | 650 | / | 380 |
| total: | 23 | 3545g | / | 1525w |
| 0:04 | Peon |
| 0:04 | Peon |
| 0:09 | Orc Burrow |
| 0:11 | Peon |
| 0:16 | Peon |
| 0:36 | Peon |
| 0:46 | War Mill |
| 0:50 | Barracks |
| 0:59 | Peon |
| 1:18 | Peon |
| 1:33 | Altar of Storms |
| 1:49 | Orc Burrow |
| 1:57 | Troll Headhunter |
| 1:58 | Troll Headhunter |
| 2:07 | Troll Headhunter |
| 2:25 | Troll Headhunter |
| 2:29 | Peon |
| 2:38 | Spiked Barricades |
| 2:51 | Pocket Factory |
| 2:53 | Troll Headhunter |
| 3:01 | Voodoo Lounge |
| 3:17 | Troll Headhunter |
| 3:32 | Troll Headhunter |
| 3:43 | Peon |
| 4:09 | Stronghold |
| 4:18 | Engineering Upgrade |
| 4:29 | Healing Salve |
| 4:29 | Lesser Clarity Potion |
| 4:33 | Healing Salve |
| 4:49 | Watch Tower |
| 4:50 | Watch Tower |
| 4:54 | Boots of Speed |
| 5:54 | Orc Burrow |
| 6:25 | Watch Tower |
| 6:31 | Troll Regeneration |
| 6:40 | Reinforced Defenses |
| 6:47 | Troll Headhunter |
| 6:54 | Troll Headhunter |
| 6:54 | Watch Tower |
| 7:03 | Engineering Upgrade |
| 7:27 | Voodoo Lounge |
| 7:41 | Troll Headhunter |
| 7:51 | Fortress |
| 8:01 | Healing Salve |
| 8:03 | Lesser Clarity Potion |
| 8:29 | Shockwave |
| 8:50 | Spirit Lodge |
| 8:52 | Spirit Lodge |
| 9:13 | Great Hall |
| 9:37 | Voodoo Lounge |
| 9:40 | Watch Tower |
| 9:47 | Watch Tower |
| 10:13 | Watch Tower |
| 12:01 | Peon |
| 12:33 | Peon |
| 12:39 | Peon |
| 12:39 | Peon |
| 12:49 | Peon |
| 12:51 | Peon |
| 13:02 | Improved Spiked Barricades |
| 13:13 | Altar of Storms |
| 13:37 | War Mill |
| 14:47 | Stronghold |
| 15:10 | Orc Burrow |
| 15:17 | Watch Tower |
| Right click | 1088 |
| Select | 357 |
| Select group | 332 |
| Chat | 240 |
| Build/train/purchase | 65 |
| Assign group | 43 |
| Use ability | 32 |
| Esc | 9 |
| Misc. action | 6 |
| Item give/drop | 1 |
⇛